 Dungeon Crawl Stone Soup version 0.13.1 (webtiles) character file.

175 Lilouch the Cudgeler (level 3, -4/36 HPs)
             Began as a Troll Chaos Knight on Nov 29, 2013.
             Was a Plaything of Xom.
             Slain by a goliath beetle (23 damage)
             ... on Level 3 of the Dungeon.
             The game lasted 00:09:44 (1653 turns).

Lilouch the Cudgeler (Troll Chaos Knight)           Turns: 1653, Time: 00:09:44

HP  -4/36        AC  7     Str 21      XL: 3   Next: 80%
MP   0/2         EV 10     Int  8      God: Xom
Gold 115         SH  0     Dex  9      Spells:  0 memorised,  2 levels left

Res.Fire  : . . .   See Invis. : .   a - +0 mace (chaos)
Res.Cold  : . . .   Warding    : .   b - +2 robe
Life Prot.: . . .   Conserve   : .   (shield restricted)
Res.Poison: .       Res.Corr.  : .   (helmet restricted)
Res.Elec. : .       Clarity    : .   (no cloak)
Sust.Abil.: . .     Spirit.Shd : +   (gloves unavailable)
Res.Mut.  : .       Stasis     : .   (boots unavailable)
Res.Rott. : .       Flight     : .   i - amulet of guardian spirit
Gourmand  : +                        (no ring)
                                     (no ring)

@: not resistant to hostile enchantments, very unstealthy
A: unfitting armour, claws 3, fast metabolism 3, gourmand, regeneration 2,
saprovore 2, tough skin 2, AC +1
a: Renounce Religion


You were on level 3 of the Dungeon.
You worshipped Xom.
You were a toy of Xom.
You were very full.

You visited 1 branch of the dungeon, and saw 3 of its levels.

You collected 95 gold pieces.

Inventory:

Hand weapons
 a - a +0,+0 mace of chaos (weapon)
 g - a +0,+0 sling
Missiles
 o - 12 javelins (quivered)
Armour
 b - a +2 robe (worn)
 u - a +0 steam dragon hide
Magical devices
 m - a wand of magic darts (10) {unknown}
Comestibles
 c - 2 meat rations
 h - an apricot
 l - a lemon
 s - an apple
 t - a chunk of giant gecko flesh
 v - 2 rotting chunks of hobgoblin flesh
Scrolls
 d - 3 scrolls of identify {unknown}
 e - a scroll of teleportation {unknown}
 f - 4 scrolls of remove curse {unknown}
 j - a scroll of random uselessness {unknown}
 k - a scroll of recharging {unknown}
 n - 3 scrolls of noise {unknown}
 p - 2 scrolls of enchant weapon I {unknown}
 q - a scroll of magic mapping {unknown}
 r - a scroll of blinking {unknown}
Jewellery
 i - an amulet of guardian spirit (around neck)
Potions
 w - a potion of berserk rage {unknown}


   Skills:
 + Level 2.9 Fighting
 + Level 3.2 Maces & Flails
 + Level 1.0 Armour
 + Level 2.3 Dodging


You had 2 spell levels left.
You didn't know any spells.

Dungeon Overview and Level Annotations

Branches:
Dungeon (3/27)

Altars:
Ashenzari
Fedhas
Okawaru
Sif Muna
Vehumet
Zin


Innate Abilities, Weirdness & Mutations

You are too large for most types of armour.
You have claws for hands.
Your metabolism is lightning-fast.
You like to eat raw meat.
You heal very quickly.
You can eat rotten meat.
You are covered in fur (AC +1).
You have very tough skin (AC +2).


Message History

t - a chunk of giant gecko flesh You see here a giant gecko skeleton.
A goliath beetle comes into view.
The goliath beetle twitches its antennae in your direction.
A goliath beetle is nearby!
You see here a blue potion.
You sock the goliath beetle! You burn the goliath beetle.
The goliath beetle is lightly wounded.
You completely miss the goliath beetle.
The goliath beetle is lightly wounded.
The goliath beetle bites you!
Ouch! That really hurt!
You hit the goliath beetle.
The goliath beetle flickers and vanishes!
Deactivating autopickup; reactivate with Ctrl-A.
It bites you but does no damage.
You barely miss it. You hit it. It bites you!
Ouch! That really hurt!
You die...

####.#### .
#######....###...
#.................#
# .######..%..####.
### #.#...## #..
#.##...# #..
#!.....# #.#
#......# . ####.#
#@...### #.##....#
#{#### #.##....#
#.# #.##....# ..#
#.##....# ...
#.#####.# .... #.#
#.#
#...[.#####.#####.#
##.................
...#######.####...


There were no monsters in sight!

Vanquished Creatures
  An adder (D:3)
  A giant gecko (D:3)
  An ooze (D:2)
  An orc (D:3)
  4 giant cockroaches
  10 hobgoblins
  4 quokkas (D:2)
  3 bats
  4 giant newts
  5 goblins
  4 kobolds
  5 rats
43 creatures vanquished.

Notes
Turn   | Place    | Note
--------------------------------------------------------------
     0 | D:1      | Lilouch, the Troll Chaos Knight, began the quest for the Orb.
     0 | D:1      | Reached XP level 1. HP: 20/20 MP: 1/1
   130 | D:1      | XOM: silly message
   153 | D:1      | XOM: silly message
   267 | D:1      | Reached XP level 2. HP: 28/28 MP: 1/1
   283 | D:1      | Reached skill level 3 in Maces & Flails
   627 | D:1      | XOM: mild Divn miscast
   756 | D:2      | Found an iron altar of Okawaru.
   856 | D:2      | XOM: noise
   880 | D:2      | XOM: divination: detect creatures
   909 | D:2      | Found a deep blue altar of Sif Muna.
   912 | D:2      | Found a shattered altar of Ashenzari.
   912 | D:2      | Found a radiant altar of Vehumet.
   916 | D:2      | Reached XP level 3. HP: 29/36 MP: 2/2
   929 | D:2      | Found a blossoming altar of Fedhas.
   930 | D:2      | Found a glowing silver altar of Zin.
  1230 | D:2      | XOM: mild Summ miscast
  1254 | D:2      | XOM: silly message
  1328 | D:3      | XOM: harmless Summ miscast
  1342 | D:3      | Reached skill level 1 in Armour
  1653 | D:3      | Slain by a goliath beetle

Action                   || total
-------------------------++-------
Melee: Mace              ||   123
